 Dungeon Crawl Stone Soup version 0.27-a0-1612-gde56a17b89 (webtiles) character file.

Game seed: 13209678154307233812

479 robertstho the Magician (level 7, 0/73 HPs)
             Began as a Djinni Fire Elementalist on July 21, 2021.
             Engulfed by a cloud of flame (5 damage)
             ... on level 5 of the Dungeon.
             The game lasted 00:08:55 (5508 turns).

robertstho the Magician (Djinni Fire Elementalist)  Turns: 5508, Time: 00:08:56

Health: 0/73       AC: 23    Str:  5    XL:     7   Next: 33%
Gold:   143        EV:  2    Int: 19    God:
                   SH:  3    Dex: 15

rFire    . . .     SeeInvis .   p - +2 hand axe (vamp)
rCold    . . .     Faith    .   b - +0 buckler
rNeg     + + +     Spirit   .   (armour currently unavailable)
rPois    ∞         Reflect  .   (helmet currently unavailable)
rElec    .         Harm     .   (cloak currently unavailable)
rCorr    .         Rampage  .   (gloves currently unavailable)
Will     .....     NoTele   +   (boots unavailable)
Stlth    ++........             (no amulet)
HPRegen  0.22/turn              (no ring)
MPRegen  0.00/turn              (no ring)

@: mighty, tree-form, unable to read, on berserk cooldown, very slightly
contaminated, hasted, very quick
A: stationary, stasis, torment immunity, boosted hp, sickness immunity, (fire
resistance 2), (cold vulnerability 1), float, innate caster, hp casting, extra
vitality 1, agile 1, weak 1, inability to read while threatened
a: no special abilities


You were on level 5 of the Dungeon.
You were a tree.
You visited 1 branch of the dungeon, and saw 5 of its levels.

You collected 143 gold pieces.

Inventory:

Hand Weapons
 j - a +0 dagger
 p - a +2 vampiric hand axe (weapon)
Armour
 a - a +0 robe (melded)
 b - a +0 buckler (worn)
 f - a +1 pair of gloves (melded)
Magical Staves
 n - a staff of air
Jewellery
 h - a ring of ice
Scrolls
 k - a scroll of magic mapping
 m - a scroll of enchant weapon
 o - a scroll of identify
 q - a scroll of holy word {unknown}
 r - a scroll of blinking {unknown}
Potions
 i - a potion of berserk rage


   Skills:
 * Level 2.3 Fighting
 + Level 0.2 Axes
 + Level 3.1 Dodging
 + Level 2.4 Stealth
 * Level 5.1 Spellcasting


You couldn't memorise any spells.
You knew the following spells:

 Your Spells              Type           Power      Damage    Failure   Level
a - Foxfire               Conj/Fire      96%        2x1d8     2%          1
b - Conjure Flame         Conj/Fire      24%        6-21      8%          3
c - Inner Flame           Hex/Fire       24%        N/A       8%          3
d - Sticky Flame          Conj/Fire      24%        2d5       24%         4
e - Fireball              Conj/Fire      12%        3d7       56%         5
f - Freeze                Ice            96%        1d11      2%          1
g - Blink                 Tloc           N/A        N/A       3%          2
h - Wereblood             Tmut           24%        N/A       3%          2
Your spell library was empty.

Dungeon Overview and Level Annotations

Branches:
Dungeon (5/15)
 Temple: D:4-7

Altars:

Shops:
D:2 :

Annotations:
D:2 Crazy Yiuf
D:4 2 runed translucent doors, DocClef's ghost, amateur GnDe


Innate Abilities, Weirdness & Mutations

You are a tree.
Your roots penetrate the ground, keeping you stationary.
You cannot be teleported.
You are immune to unholy pain and torment.
Your maximum health is greatly increased.
Your equipment is partially melded.
You are immune to sickness and miasma.
You are immune to poison.
((Your flesh is very heat resistant. (rF++)))
((You are vulnerable to cold. (rC-)))
You float through the air rather than walking.
You learn spells naturally, not from books.
Your magical power is your life essence.
You have superior vitality. (+4 HP)
You are agile. (Dex +2)
You are weak. (Str -2)
You sometimes lose the ability to read scrolls when taking damage.


Message History

Casting: Foxfire (safe; 2% risk of failure)
Confirm with . or Enter, or press ? or * to list all spells.
Aiming: Inner Flame (dangerous; 8% risk of failure)
Press: ? - help, Shift-Dir - straight line, f - gnoll shaman
Aim: a gnoll shaman, wielding a +0 whip and wearing a +0 robe (chance to affect: 80%)
The gnoll shaman is filled with an inner flame.
* * * LOW HITPOINT WARNING * * *
Okay, then.
Casting: Foxfire (safe; 2% risk of failure)
Press: ? - help, Q - select action, (/) - cycle Dir - look around, f - activate You conjure some foxfire!
* * * LOW HITPOINT WARNING * * *
You feel yourself speed up. You block the gnoll's attack.
The gnoll shaman hits you but does no damage.
You slash the gnoll shaman!
Flame seeps out of the gnoll shaman.
You feel better.
The gnoll shaman is heavily wounded.
The foxfire hits the gnoll shaman.
Flame seeps out of the gnoll shaman.
The gnoll shaman is severely wounded.
The foxfire hits the gnoll shaman.
Flame seeps out of the gnoll shaman.
The gnoll shaman is almost dead.
The gnoll completely misses you.
A gnoll comes into view. It is wielding a +0 flail.
You block the gnoll's attack.
The gnoll shaman is engulfed in blazing flames.
The gnoll shaman explodes!
The fiery explosion engulfs you!
You feel threatened and lose the ability to read scrolls!
* * * LOW HITPOINT WARNING * * *
The fiery explosion engulfs the gnoll!!
You kill the gnoll!
You hear a shout!
Your Dodging skill increases to level 3!
Okay, then.
You are engulfed in blazing flames.
You are engulfed in blazing flames.
* * * LOW HITPOINT WARNING * * *
You are engulfed in blazing flames.
You die...

.................#
...........<...#
.........##.####
..)......##.#
............#####
.....)...(.........
.........##.##..###
....).)§###.# ....
......)♣°##.# ##.
....)..§)§gg....
.......)>##.####
......>).##.#
.........#
........##
#......## #.#....


You could see 2 gnolls.

Vanquished Creatures
  2 ogres
  A gnoll shaman (D:5)
  3 orc wizards (D:5)
  7 gnolls (D:5)
  5 adders
  3 worms
  A dart slug (D:3)
  3 orcs
  7 bats
  5 endoplasms
  6 giant cockroaches
  8 goblins
  4 hobgoblins
  8 jackals
  3 quokkas
  9 ball pythons
  A frilled lizard (D:2)
  2 kobolds
  2 rats
80 creatures vanquished.

Vanquished Creatures (collateral kills)
  2 foxfires (D:2)
2 creatures vanquished.

Vanquished Creatures (others)
  2 gnolls (D:5)
  339 foxfires
  A withered plant (D:2)
342 creatures vanquished.

Grand Total: 424 creatures vanquished

Notes
Turn   | Place    | Note
-------+----------+-------------------------------------------
     0 | D:1      | robertstho the Djinni Fire Elementalist began the quest for
                  | the Orb.
     0 | D:1      | Reached XP level 1. HP: 15/15 MP: 0/0
   813 | D:1      | Reached XP level 2. HP: 20/21 MP: 0/0
  1078 | D:2      | Found a faded altar of an unknown god.
  1112 | D:2      | Reached skill level 3 in Spellcasting
  1325 | D:2      | Reached XP level 3. HP: 20/25 MP: 0/0
  1325 | D:2      | Learned a level 1 spell: Freeze
  1768 | D:2      | Found a runed translucent door.
  1769 | D:2      | Noticed Crazy Yiuf
  1819 | D:2      | Found Omupnom's Book Emporium.
  3056 | D:3      | Reached XP level 4. HP: 27/31 MP: 0/0
  3104 | D:3      | Noticed an ogre
  3115 | D:3      | Killed an ogre
  3116 | D:3      | Reached skill level 1 in Fighting
  3116 | D:3      | Reached skill level 4 in Spellcasting
  3116 | D:3      | Reached XP level 5. HP: 30/37 MP: 0/0
  3116 | D:3      | Learned a level 2 spell: Blink
  4525 | D:4      | Found a runed translucent door.
  4526 | D:4      | Noticed DocClef's ghost (amateur GnDe)
  4526 | D:4      | Noticed a bullfrog
  4718 | D:4      | Reached XP level 6. HP: 27/42 MP: 0/0
  4866 | D:4      | Found a runed translucent door.
  5421 | D:5      | Entered Level 5 of the Dungeon
  5438 | D:5      | Noticed an ogre
  5442 | D:5      | Killed an ogre
  5443 | D:5      | Reached skill level 5 in Spellcasting
  5489 | D:5      | Gained mutation: You sometimes lose the ability to read
                  | scrolls when taking damage. [potion of mutation]
  5489 | D:5      | Gained mutation: You are weak. (Str -2) [potion of
                  | mutation]
  5489 | D:5      | Gained mutation: You are agile. (Dex +2) [potion of
                  | mutation]
  5496 | D:5      | Reached XP level 7. HP: 14/49 MP: 0/0
  5496 | D:5      | Learned a level 2 spell: Wereblood
  5508 | D:5      | Engulfed by a cloud of flame

Illustrated notes

Levels and vault maps discovered:
D:1:      dpeg_arrival_radiant, layout_basic, kennysheep_another_room
D:2:      layout_loops_ring, ebering_ecumenical_altar_petrified, serial_shops,
          nicolae_shop_stone, minmay_worlds_worst_comb, uniq_crazy_yiuf_cottage
D:3:      minmay_skewed_foursquare, layout_loops_corners
D:4:      layout_loops_ring, ebering_ghost_sewer_f
D:5:      layout_rooms, minmay_temple_entry_statues_pillars, serial_shops, shop

Skill      XL: |  1  2  3  4  5  6  7 |
---------------+----------------------+-----
Spellcasting   | 3 4 5 |  5.1
Fighting       | 1 2 |  2.3
Stealth        | 2 |  2.4
Dodging        | 3 |  3.1
Axes           | |  0.2

Action                   |  1- 3 |  4- 6 |  7- 9 || total
-------------------------+-------+-------+-------++-------
Melee: Unarmed           |     1 |       |       ||     1
       Hand axe          |       |     7 |     8 ||    15
 Cast: Foxfire           |    96 |   119 |     1 ||   216
       Inner Flame       |       |       |     1 ||     1
  Use: Scroll            |     2 |     2 |       ||     4
       Potion            |     1 |     7 |       ||     8
 Stab: Invisible         |       |     3 |     1 ||     4
Armor: Robe              |     1 |    13 |       ||    14
       Skin              |       |    23 |     7 ||    30
Dodge: Dodged            |    15 |    14 |     2 ||    31
Block: Buckler           |     2 |     4 |     3 ||     9

Table legend: (Time is in decaauts)
 A = Elapsed time spent in this place.
 B = Non-inter-level travel time spent in this place.
 C = Inter-level travel time spent in this place.
 D = Time resting spent in this place.
 E = Time spent auto-exploring this place.
 F = Levels seen in this place.
 G = Mean time per level.
                   A        B        C        D        E       F      G
               +--------+--------+--------+--------+--------+-----+--------+
         Total |   5511 |   5377 |    134 |      0 |   4807 |   5 | 1102.2 |
       Dungeon |   5511 |   5377 |    134 |      0 |   4807 |   5 | 1102.2 |
               +--------+--------+--------+--------+--------+-----+--------+

Top non-repeatable levels by time:
     D:2: 1734 daAuts
     D:3: 1426 daAuts
     D:4: 1181 daAuts
     D:1: 1078 daAuts
     D:5: 90 daAuts
